 Dungeon Crawl Stone Soup version 0.29.1-2-gbd0b4ee654 (webtiles) character file.

Game seed: 14678055952818249376

41 Zeld the Chopper (level 3, -3/33 HPs)
             Began as a Hill Orc Monk on Oct 28, 2022.
             Killed from afar by Sigmund (8 damage)
             ... with a puff of flame
             ... on level 2 of the Dungeon.
             The game lasted 00:01:55 (1759 turns).

Zeld the Chopper (Hill Orc Monk)                    Turns: 1759, Time: 00:01:56

Health: -3/33      AC:  2    Str: 15    XL:     3   Next: 52%
Magic:  3/3        EV: 12    Int: 10    God:
Gold:   55         SH:  0    Dex: 13    Spells: 2/2 levels left

rFire   . . .      SeeInvis .   c - +2 dagger (venom)
rCold   . . .      Faith    .   (no shield)
rNeg    . . .      Spirit   .   b - +0 robe
rPois   .          Reflect  .   (no helmet)
rElec   .          Harm     .   (no cloak)
rCorr   .          Rampage  .   (no gloves)
Will    .....                   (no boots)
Stlth   ++........              (no amulet)
HPRegen 0.11/turn               (no ring)
MPRegen 0.08/turn               (no ring)

@: no status effects
A: no striking features
a: no special abilities


You were on level 2 of the Dungeon.
You visited 1 branch of the dungeon, and saw 3 of its levels.

You collected 55 gold pieces.

Inventory:

Hand Weapons
 a - a +0 hand axe
 c - a +2 dagger of venom (weapon)
Armour
 b - a +0 robe (worn)
Scrolls
 d - a scroll of identify {unknown}
 e - a scroll of amnesia {unknown}
Potions
 f - a potion of curing {unknown}
 g - a potion of degeneration {unknown}


   Skills:
 + Level 4.1 Fighting
 + Level 4.5 Axes
 + Level 2.7 Dodging
 + Level 2.1 Stealth


You had 2 spell levels left.
You didn't know any spells.
Your spell library was empty.

Dungeon Overview and Level Annotations

Branches:
Dungeon (3/15)

Altars:
Okawaru

Annotations:
D:2 Sigmund


Message History

You closely miss the phantom. The phantom closely misses you.
You barely miss the phantom. The phantom hits you.
The phantom blinks!
You blink.
The phantom hits you. The phantom hits you.
The phantom attacks as you move away! The phantom hits you.
There is a stone staircase leading up here.
The kobold closely misses you.
You climb upwards.
There is a stone staircase leading down here.
You hit the kobold.
The kobold is poisoned.
The kobold is severely wounded.
You kill the kobold!
You see here a +0 whip.
Key pressed, stopping explore.
HP restored.
Sigmund the Dreaded comes into view.
He is wielding a +0 scythe and carrying a wand of flame (13).
Sigmund is nearby!
Sigmund shouts!
Sigmund gestures at you while chanting.
You are confused.
You bump into the rock wall.
Sigmund hits you from afar with a +0 scythe!
You bump into the rock wall.
Sigmund zaps a wand.
The puff of flame hits you.
You bump into the rock wall.
Sigmund barely misses you.
You bump into the rock wall.
You feel less confused. Sigmund barely misses you.
You hit Sigmund.
Sigmund is poisoned.
Sigmund is lightly wounded.
Sigmund zaps a wand.
The puff of flame hits you.
You hit Sigmund.
Sigmund looks as sick as possible!
Sigmund is lightly wounded.
Sigmund gestures at you while chanting. The puff of flame hits you!
* * * LOW HITPOINT WARNING * * *
You hit Sigmund but do no damage.
Sigmund is moderately wounded.
Sigmund zaps a wand.
The puff of flame hits you!
You die...

###.## #.#.# # #.#
#...# # #.# ###.#
###.####### #.#
#.........# #.#
###....##.# #.# #
#..#.##.######.#
###..............#
##.....##.######@#
.#.....##.######@#
...._............#
##......##########
........#
#...##### #####


You could see Sigmund (extremely poisoned).

Vanquished Creatures
  A worm (D:2)
  3 dart slugs
  3 endoplasms
  A giant cockroach (D:2)
  6 hobgoblins
  2 quokkas
  3 ball pythons (D:1)
  A bat (D:1)
  4 frilled lizards
  2 goblins
  4 kobolds
30 creatures vanquished.

Notes
Turn   | Place    | Note
-------+----------+-------------------------------------------
     0 | D:1      | Zeld the Hill Orc Monk began the quest for the Orb.
     0 | D:1      | Reached XP level 1. HP: 19/19 MP: 1/1
    76 | D:1      | Reached XP level 2. HP: 12/27 MP: 2/2
   717 | D:1      | Found a faded altar of an unknown god.
   883 | D:2      | Reached XP level 3. HP: 25/33 MP: 3/3
   982 | D:2      | Found an iron altar of Okawaru.
  1501 | D:3      | Noticed a phantom
  1701 | D:2      | Noticed Sigmund
  1759 | D:2      | Killed from afar by Sigmund

Illustrated notes

Levels and vault maps discovered:
D:1:      dpeg_arrival_short_road, layout_rooms,
          shapermc_ecumenical_altar_totnotflames, minmay_worlds_worst_comb
D:2:      layout_loops_ring, basic_altar, serial_aquarium,
          aquarium_bridge_square [aquarium_subvault_bridge,
          aquarium_subvault_bridge, aquarium_subvault_wall,
          aquarium_subvault_balcony], aquarium_bridge_square
          [aquarium_subvault_bridge, aquarium_subvault_bridge,
          aquarium_subvault_window, aquarium_subvault_bridge],
          aquarium_window_2, aquarium_window_1, aquarium_view_2b, uniq_sigmund
D:3:      layout_basic, serial_shops, nicolae_lakefront_shop,
          kennysheep_generic_room_12, uniq_grinder

Skill      XL: |  1  2 |
---------------+-------+-----
Fighting       | 4 |  4.1
Stealth        | 2 |  2.1
Axes           | |  4.5
Dodging        | |  2.7

Action                   || total
-------------------------++-------
Melee: Hand axe          ||    49
       Dagger            ||    62
  Use: Potion            ||     1
 Stab: Sleeping          ||     1
Armor: Robe              ||    37
Dodge: Dodged            ||    96
